AoeStats
← [La14]Uvita

Arabian Desert

509157340Analyzed
1v1 RM · 7d ago on Sep 25, 2026· 23m 23s· 2 players
Game mode
Random Map
Map size
Tiny (2 player)
Population
200
Speed
Normal
Resources
Standard
Victory
Conquest
Starting age
Dark Age
Ending age
Imperial Age
RankedLock teamsTeams togetherTeam positionsShared explorationLock speedFull tech treeHidden civsTurbo modeCheats
Victory
Defeat
🇦🇷 Magyars · Argentina
888
+17
🇧🇷 Japanese · Brazil
912
-17
[La14]Uvita
6:07 Loom
9:43 Feudal Age
10:07 Horse Collar
10:14 Double-Bit Axe
13:57 Scale Barding Armor
17:54 Fletching
23:15 Castle Age
21:55 Padded Archer Armor
bleal86
10:19 Feudal Age
11:00 Double-Bit Axe
11:06 Man-at-Arms
14:33 Loom
17:37 Horse Collar
22:16 Castle Age
Connection lost

Rejoining the realm…

Still unreachable

The connection could not be restored.

Session expired

The server has moved on; the page needs a fresh start.